Map: Eternal Empire LE

Players

prospeKt - Winner!

  • Race: Zerg Zerg
  • League: Platinum
  • Spawn Location: 1:00

VOD

Have the link to the VOD?

Description

Time

  • Played on: June 15, 2020, 4:22 a.m.
  • Length: 29:34
Show
View Real Time Build Order
Export as new Build Order

prospeKt Zerg - Winner!

Build Orders:  

Get SALT Encoding   

  12  0:01  Drone  
  13  0:17  Overlord  
  13  0:25  Drone  
  14  0:58  Hatchery  
  13  1:05  Drone  
  14  1:10  Drone  
  14  1:16  Drone  
  16  1:24  Drone  
  17  1:46  Spawning Pool  
  17  1:48  Drone  
  17  1:56  Drone  
  18  2:06  Drone  
  18  2:08  Extractor  
  18  2:21  Drone  
  19  2:36  Drone  
  20  2:41  Drone  
  21  2:51  Queen x2  
  21  2:54  Overlord  
  25  3:03  Drone  
  26  3:15  Drone  
  26  3:16  Drone  
  28  3:28  Drone  
  28  3:29  Drone  
  30  3:37  Zergling x2  
  30  3:38  Zergling x2  
  32  3:52  Overlord  
  32  3:57  Queen  
  34  4:00  Drone  
  34  4:08  Lair  
  35  4:12  Drone  
  35  4:17  Overlord  
  36  4:25  Drone x2  
  38  4:35  Drone  
  38  4:36  Drone x5  
  44  4:53  Drone x2  
  46  5:06  Roach Warren  
  46  5:09  Evolution Chamber, Drone x2  
  46  5:12  Drone  
  46  5:13  Extractor  
  46  5:14  Drone x3  
  46  5:15  Extractor  
  46  5:17  Drone  
  49  5:23  Drone x2  
  49  5:26  Drone  
  52  5:57  Overlord x2  
  52  6:07  Glial Reconstitution  
  52  6:08  Zerg Missile Weapons Level 1  
  52  6:21  Overlord  
  52  6:23  Roach  
  52  6:24  Roach x7  
  68  6:32  Overlord  
  68  6:34  Overlord  
  68  6:37  Overlord  
  68  6:46  Hatchery  
  67  6:53  Queen  
  67  6:56  Drone x2  
  67  6:58  Drone  
  72  7:02  Drone  
  72  7:03  Drone  
  72  7:06  Drone  
  75  7:12  Drone  
  75  7:13  Drone x2  
  78  7:20  Extractor  
  78  7:22  Drone x2  
  78  7:23  Hydralisk Den  
  78  7:31  Drone  
  79  8:01  Drone x7  
  86  8:21  Drone x2  
  88  8:31  Drone x2  
  90  8:45  Drone x2  
  90  8:46  Drone  
  93  9:00  Extractor  
  93  9:02  Drone, Extractor  
  93  9:03  Drone x7  
  99  9:13  Hatchery  
  98  9:24  Hatchery  
  98  9:28  Infestation Pit  
  96  9:33  Lurker Den  
  95  9:42  Drone x9  
  95  9:46  Evolution Chamber  
  103  10:08  Drone  
  103  10:09  Drone x2  
  106  10:10  Overlord  
  106  10:11  Overlord x4  
  106  10:53  Hydralisk x2  
  106  10:54  Hydralisk x12  
  106  10:57  Drone  
  135  11:09  Zerg Ground Armor Level 1  
  135  11:14  Zerg Missile Weapons Level 2, Unknown  
  135  11:16  Hydralisk x6  
  135  11:18  Overlord  
  135  11:19  Overlord x7  
  147  11:22  Drone  
  148  11:44  Hive  
  148  11:48  Hydralisk x5, Extractor  
  148  11:49  Hydralisk  
  159  11:50  Extractor  
  158  12:19  Hydralisk x4  
  166  12:20  Hydralisk x2  
  166  12:23  Drone x3  
  166  12:24  Drone  
  174  12:42  Hydralisk  
  174  12:43  Hydralisk x4  
  174  12:48  Hatchery  
  183  12:54  Unknown  
  183  12:58  Hydralisk x2  
  183  12:59  Hydralisk x2  
  191  13:22  Drone  
  191  13:24  Hydralisk x4  
  200  13:35  Overseer  
  200  13:46  Drone x3  
  193  14:03  Hydralisk x7  
  146  14:43  Hydralisk x2  
  146  14:44  Hydralisk x12  
  172  15:03  Hatchery  
  172  15:06  Extractor  
  172  15:07  Extractor  
  169  15:28  Hatchery  
  168  15:35  Hydralisk  
  168  15:36  Hydralisk x13  
  168  15:37  Hydralisk  
  198  15:56  Drone x2  
  200  17:07  Drone x3  
  200  17:08  Drone  
  200  17:13  Drone, Extractor  
  200  17:16  Zerg Missile Weapons Level 3  
  200  17:17  Zerg Ground Armor Level 2  
  196  17:43  Overlord x6  
  196  17:45  Overseer x4  
  178  17:55  Hydralisk  
  178  17:56  Hydralisk x17  
  182  18:03  Hydralisk  
  180  18:35  Lurker x2  
  180  18:36  Lurker x8  
  188  18:40  Lurker, Unknown  
  164  19:32  Hydralisk x4  
  164  19:33  Hydralisk x15  
  197  20:00  Unknown  
  197  20:27  Hydralisk  
  199  20:30  Drone  
  200  20:58  Lurker x9  
  200  20:59  Lurker  
  200  21:11  Hatchery x2  
  200  21:13  Zerg Ground Armor Level 3  
  198  21:23  Hatchery  
  197  22:03  Drone x2  
  184  22:50  Hatchery  
  113  23:11  Hydralisk x9  
  113  23:12  Hydralisk x20  
  113  23:13  Hydralisk x3  
  165  23:36  Hydralisk x2  
  165  23:37  Hydralisk x15  
  196  23:50  Hatchery  
  195  24:37  Hydralisk x2  
  199  24:41  Drone  
  200  25:00  Unknown  
  197  25:17  Drone x2  
  179  25:50  Hatchery  
  156  26:36  Hydralisk x7  
  156  26:37  Hydralisk x15  
  200  26:47  Extractor  
  200  26:49  Extractor  
  187  28:20  Hydralisk  
  187  28:21  Hydralisk x5  
  199  28:39  Overseer  
  199  28:41  Overseer  
Tags
 
Add a new tag
Caveats
  • Supply blocks, unpowered buildings, or Contaminate may cause inaccurate times.
  • Supply counts are checked every 10 seconds.